 Dungeon Crawl Stone Soup version 0.30-a0-1164-ge08a67761e (webtiles) character file.

Game seed: 17574262444342538292

608 Querens the Magician (level 7, -1/36 HPs)
             Began as a Deep Elf Conjurer on Apr 29, 2023.
             Killed from afar by an orc wizard (6 damage)
             ... with a magic dart
             ... on level 4 of the Dungeon.
             The game lasted 00:10:46 (2162 turns).

Querens the Magician (Deep Elf Conjurer)            Turns: 2162, Time: 00:10:47

Health: -1/36      AC:  4    Str:  4    XL:     7   Next: 19%
Magic:  12/19      EV: 12    Int: 25    God:
Gold:   138        SH:  0    Dex: 13    Spells: 9/20 levels left

rFire   . . .        t - +2 dagger (venom)
rCold   . . .        (no shield)
rNeg    . . .        a - +0 robe
rPois   .            (no helmet)
rElec   .            (no cloak)
rCorr   .            (no gloves)
SInv    .            v - +1 pair of boots {Fly}
Will    .....        (no amulet)
Stlth   ++           (no ring)
HPRegen 0.26/turn    (no ring)
MPRegen 0.16/turn

%: no passive effects
@: flying
A: no striking features
a: no special abilities


You were on level 4 of the Dungeon.
You visited 1 branch of the dungeon, and saw 4 of its levels.
You also visited: Sewer.

You collected 138 gold pieces.

Inventory:

Hand Weapons
 t - a +2 dagger of venom (weapon)
Armour
 a - a +0 robe (worn)
 v - a +1 pair of boots of flying (worn)
Jewellery
 m - a ring of fire
Wands
 u - a wand of roots (4)
Scrolls
 c - a scroll of magic mapping {unknown}
 d - 2 scrolls of amnesia {unknown}
 e - a scroll of enchant weapon {unknown}
 g - 2 scrolls of teleportation {unknown}
 h - a scroll of fear {unknown}
 i - a scroll of poison {unknown}
 j - 4 scrolls of identify {unknown}
 k - a scroll of noise {unknown}
 p - a scroll of fog {unknown}
Potions
 b - a potion of magic
 f - 3 potions of curing {unknown}
 l - 2 potions of might {unknown}
 n - a potion of ambrosia {unknown}
 o - 3 potions of brilliance {unknown}
 q - a potion of heal wounds {unknown}
 r - 3 potions of mutation {unknown}
 s - a potion of invisibility {unknown}


   Skills:
 - Level 2.4 Dodging
 - Level 2.4 Stealth
 + Level 7.4 Spellcasting
 + Level 7.3 Conjurations
 + Level 2.1 Translocations


You had 9 spell levels left.
You knew the following spells:

 Your Spells              Type           Power      Damage    Failure   Level
a - Magic Dart            Conj           100%       1d8       1%          1
b - Searing Ray           Conj           90%        2d7       1%          2
c - Iskenderun's Mystic   Conj/Tloc      32%        2d8       9%          4
d - Fulminant Prism       Conj/Hex       13%        3d8       14%         4

Your spell library contained the following spells:

 Spells                   Type           Power      Damage    Failure   Level
 Dazzling Flash           Conj/Hex       54%        N/A       4%          3
 Beastly Appendage        Tmut           18%        N/A       6%          1
 Wereblood                Tmut           9%         N/A       10%         2
 Sticky Flame             Conj/Fire      27%        2d5       14%         4
 Ignite Poison            Fire/Tmut/Pois 9%         N/A       19%         3
 Spider Form              Tmut/Pois      9%         N/A       19%         3
 Ignition                 Fire           4%         3d4       100%        8


Dungeon Overview and Level Annotations

Branches:
Dungeon (4/15)              Sewer (visited)
 Temple: D:4-7

Altars:
Cheibriados
Dithmenos
Elyvilon
Makhleb


Message History

The searing ray hits something!
The searing ray hits the orc wizard.
The orc wizard is almost dead.
The searing ray hits the orc wizard.
The orc wizard is moderately wounded.
Unknown command.
Unknown command.
Unknown command.
Unknown command.
Casting: Searing Ray (safe; 1% risk of failure)
Confirm with . or Enter, or press ? or * to list all spells.
Restarting spell: Searing Ray (safe; 1% risk of failure)
Press: ? - help, Shift-Dir - straight line, f - orc priest, p - orc wizard
Aim: an orc priest, wielding a +0 flail and wearing a +0 leather armour (82% to hit)
The searing ray hits something!
Reactivating autopickup.
You feel a bit more experienced.
The searing ray hits the orc wizard!
You kill the orc wizard!
The searing ray misses the orc priest. (Press . to maintain the ray.)
The orc priest calls upon Beogh to heal the orc wizard.
The orc wizard's wounds heal themselves!
The orc wizard gestures at you while chanting.
The magic dart hits you!
Your Translocations skill increases to level 2!
Unknown command.
The searing ray hits the orc priest!
The orc priest is almost dead.
The orc priest mumbles some strange prayers to Beogh against you.
Beogh smites you!
* * * LOW HITPOINT WARNING * * *
Unknown command.
Unknown command.
Unknown command.
The searing ray hits the orc wizard.
The orc wizard is moderately wounded.
The searing ray hits the orc priest.
You kill the orc priest!
The orc wizard points at you and mumbles some strange words.
The magic dart hits you.
You die...

#
.......#..###
............#
#.####.#.####
#.#.# #.#.#
#.#.# #.#.#
#.#.# #.#@#
#)# #.# #o#


oS# #.# ..# #.# You could see an orc wizard, an orc and a ball python.

Vanquished Creatures
  4 kobold brigands (Sewer)
  A scorpion (D:3)
  An orc priest (D:4)
  2 orc wizards (D:4)
  An iguana (D:4)
  6 adders
  5 river rats (Sewer)
  An ufetubus (D:4)
  4 dart slugs
  10 ball pythons
  A bat (D:3)
  6 endoplasms
  2 giant cockroaches
  6 goblins
  3 hobgoblins
  3 jackals (D:1)
  15 kobolds
  7 quokkas
  A frilled lizard (Sewer)
  22 rats
101 creatures vanquished.

Notes
Turn   | Place    | Note
-------+----------+-------------------------------------------
     0 | D:1      | Querens the Deep Elf Conjurer began the quest for the Orb.
     0 | D:1      | Reached XP level 1. HP: 10/10 MP: 6/6
    65 | D:1      | Reached XP level 2. HP: 11/15 MP: 0/8
   345 | D:1      | Reached skill level 5 in Conjurations
   345 | D:1      | Reached XP level 3. HP: 19/19 MP: 6/10
   353 | D:1      | Learned a level 2 spell: Searing Ray
   959 | D:3      | Reached XP level 4. HP: 24/24 MP: 10/12
  1033 | D:3      | Found a glowing drain.
  1038 | Sewer    | Entered a sewer
  1138 | Sewer    | Reached skill level 5 in Spellcasting
  1172 | Sewer    | Noticed a kobold brigand
  1172 | Sewer    | Noticed a kobold brigand
  1179 | Sewer    | Killed a kobold brigand
  1180 | Sewer    | Reached XP level 5. HP: 8/28 MP: 3/15
  1360 | Sewer    | Reached XP level 6. HP: 32/32 MP: 12/17
  1476 | Sewer    | Learned a level 4 spell: Iskenderun's Mystic Blast
  1481 | Sewer    | Learned a level 4 spell: Fulminant Prism
  1494 | Sewer    | Reached skill level 1 in Translocations
  1603 | D:3      | Found a white marble altar of Elyvilon.
  1603 | D:3      | Found a shadowy altar of Dithmenos.
  1605 | D:3      | Found a burning altar of Makhleb.
  1619 | D:3      | Found a snail-covered altar of Cheibriados.
  1848 | D:4      | Reached XP level 7. HP: 36/36 MP: 14/19
  2162 | D:4      | Killed from afar by an orc wizard

Illustrated notes

Levels and vault maps discovered:
D:1:      minmay_arrival_five_plusses, layout_basic, minmay_misc_feat_room,
          serial_bayou_pond_d, amcnicky_mini_pool_small, nrook_campfire
D:2:      layout_basic, kennysheep_potato
D:3:      layout_rooms, nicolae_overflow_quartered_altars, portal_sewer_entry_e
D:4:      layout_basic

Skill      XL: |  1  2  3  4  5  6  7 |
---------------+----------------------+-----
Spellcasting   | 4 5 6 7 |  7.4
Conjurations   | 5 6 7 |  7.3
Translocations | 1 2 |  2.1
Dodging        | |  2.4
Stealth        | |  2.4

Action                     |  1- 3 |  4- 6 |  7- 9 || total
---------------------------+-------+-------+-------++-------
  Melee: Unarmed           |     3 |    48 |       ||    51
         Dagger            |       |       |     4 ||     4
   Cast: Magic Dart        |    66 |    15 |     2 ||    83
         Searing Ray       |     2 |    21 |     4 ||    27
   Stab: Sleeping          |       |       |     2 ||     2
 Armour: Robe              |     1 |    10 |     1 ||    12
  Dodge: Dodged            |     6 |    53 |     1 ||    60

Table legend: (Time is in decaauts)
 A = Elapsed time spent in this place.
 B = Non-inter-level travel time spent in this place.
 C = Inter-level travel time spent in this place.
 D = Time resting spent in this place.
 E = Time spent auto-exploring this place.
 F = Levels seen in this place.
 G = Mean time per level.
                   A        B        C        D        E       F      G
               +--------+--------+--------+--------+--------+-----+--------+
         Total |   2168 |   2076 |     92 |      3 |      0 |   5 |  433.6 |
       Dungeon |   1659 |   1567 |     92 |      3 |      0 |   4 |  414.8 |
         Sewer |    509 |    509 |      0 |      0 |      0 |   1 |  509.0 |
               +--------+--------+--------+--------+--------+-----+--------+

Top non-repeatable levels by time:
     D:1: 514 daAuts
   Sewer: 509 daAuts
     D:3: 417 daAuts
     D:2: 407 daAuts
     D:4: 319 daAuts
